 Dungeon Crawl Stone Soup version 0.28-a0-674-gdaf460b524 (webtiles) character file.

Game seed: 2646269371668544505

4641 RepHenryClay the Nimble (level 10, -2/57 HPs)
             Began as an Octopode Conjurer on Oct 17, 2021.
             Was a Believer of Vehumet.
             Shot with a bolt by an orc warrior (20 damage)
             ... in a bailey.
             The game lasted 00:29:36 (14201 turns).

RepHenryClay the Nimble (Octopode Conjurer)        Turns: 14201, Time: 00:29:37

Health: -2/57      AC:  3    Str:  6    XL:     10   Next: 43%
Magic:  16/23      EV: 21    Int: 24    God:    Vehumet [**....]
Gold:   108        SH:  0    Dex: 11    Spells: 6/15 levels left

rFire   . . .      SeeInvis .   a - staff of conjuration
rCold   . . .      Faith    .   (no shield)
rNeg    . . .      Spirit   .   l - +2 hat
rPois   .          Reflect  .   (no amulet)
rElec   .          Harm     .   u - ring of resist corrosion
rCorr   +          Rampage  .   d - ring of magical power
Will    .....                   C - +4 ring of evasion
Stlth   +++++.....              (no ring)
HPRegen 0.19/turn               (no ring)
MPRegen 0.18/turn               (no ring)
                                (no ring)
                                (no ring)

@: brilliant
A: almost no armour, amphibious, 8 rings, camouflage 1, gelatinous body 1,
(nimble swimmer 1), tentacles
a: Renounce Religion


You were in a bailey.
You worshipped Vehumet.
Vehumet was pleased with you.
You visited 2 branches of the dungeon, and saw 10 of its levels.
You also visited: Bailey.

You collected 432 gold pieces.
You spent 324 gold pieces at shops.

Inventory:

Hand Weapons
 o - a +3 spear
Armour
 l - a +2 hat (worn)
Magical Staves
 a - a staff of conjuration (weapon)
Jewellery
 d - a ring of magical power (right tentacle)
 g - a ring of ice
 u - a ring of resist corrosion (left tentacle)
 C - a +4 ring of evasion (on tentacle)
Wands
 k - a wand of digging (4)
 v - a wand of iceblast (17)
 A - a wand of flame (12)
Scrolls
 m - a scroll of amnesia
 p - a scroll of silence
 x - a scroll of enchant armour
 z - a scroll of fear
 B - a scroll of teleportation
Potions
 b - 3 potions of lignification
 e - a potion of magic {unknown}
 f - a potion of ambrosia
 h - 3 potions of cancellation
 i - 4 potions of might
 j - 3 potions of flight
 n - 3 potions of curing
 q - a potion of degeneration {unknown}
 r - a potion of haste
 s - a potion of mutation {unknown}


   Skills:
 - Level 0.9 Fighting
 + Level 10.8 Dodging
 - Level 8.3 Stealth
 - Level 0.2 Unarmed Combat
 - Level 3.1 Spellcasting
 - Level 8.2 Conjurations
 - Level 4.2 Translocations


You had 6 spell levels left.
You knew the following spells:

 Your Spells              Type           Power      Damage    Failure   Level
a - Magic Dart            Conj           100%       1d8       1%          1
b - Searing Ray           Conj           100%       2d8       1%          2
c - Iskenderun's Mystic   Conj/Tloc      66%        2d14      9%          4
Q - Blink                 Tloc           N/A        N/A       2%          2

Your spell library contained the following spells:

 Spells                   Type           Power      Damage    Failure   Level
 Shock                    Conj/Air       100%       1d9       1%          1
 Dazzling Flash           Conj/Hex       100%       N/A       6%          3
 Pain                     Necr           20%        1d5       11%         1
 Slow                     Hex            5%         N/A       16%         2
 Fulminant Prism          Conj/Hex       26%        3d14      19%         4
 Confusing Touch          Hex            5%         N/A       32%         3
 Ozocubu's Armour         Ice            5%         N/A       32%         3
 Vampiric Draining        Necr           2%         2d6       32%         3
 Manifold Assault         Tloc           36%        N/A       45%         5
 Agony                    Necr           5%         N/A       96%         5
 Excruciating Wounds      Necr           2%         N/A       96%         5
 Ozocubu's Refrigeration  Ice            2%         4d5       100%        7
 Storm Form               Tmut/Air       2%         N/A       100%        7


Dungeon Overview and Level Annotations

Branches:
Dungeon (9/15)             Temple (1/1) D:5            Lair (0/6) D:8
 Bailey (1/1)
    Orc: D:9-12

Altars:
Cheibriados
Dithmenos
Elyvilon
Gozag
Hepliaklqana
Makhleb
Okawaru
Ru
Uskayaw
Vehumet
Wu Jian

Shops:
D:8 !?[?*

Annotations:
D:7 exclusion: orange crystal statue
D:8 acquite


Innate Abilities, Weirdness & Mutations

You cannot wear most types of armour.
You are amphibious.
You can wear up to eight rings at the same time.
Your skin changes colour to match your surroundings (Stealth+).
Your rubbery body absorbs attacks. (AC +1, EV +1)
((You are camouflaged near water. (Stealth+)))
You have tentacles for arms and can constrict up to eight enemies at once.


Message History

The orc warrior hits you from afar with a +0 trident!!
* * * LOW HITPOINT WARNING * * *
Huge Dmg: -35%(-20hp) hp: 30%(17hp)
You feel much better.
The orc warrior hits you from afar with a +0 trident!
* * * LOW HITPOINT WARNING * * *
Aiming: Iceblast
Press: ? - help, Shift-Dir - straight line The mass of ice explodes!
The iceblast engulfs the orc warrior.
The orc warrior is severely wounded.
The iceblast engulfs the orc warrior!
The orc warrior is heavily wounded.
You hear a shout!
The orc warrior closely misses you.
An orc warrior comes into view. It is wielding a +0 arbalest.
The orc warrior shoots a bolt.
The bolt misses you.
Unknown command.
Aiming: Iceblast
Press: ? - help, Shift-Dir - straight line The mass of ice explodes!
The iceblast engulfs the orc warrior!!
You kill the orc warrior!
Vehumet accepts your kill. Vehumet offers you knowledge of Shock.
The iceblast engulfs the orc warrior.
The orc warrior is severely wounded.
You hear a shout! x2
The orc warrior shoots a bolt.
The bolt misses you.
An orc warrior comes into view. It is wielding a +0 halberd.
The orc warrior shoots a bolt.
The bolt barely misses you.
Unknown command.
Aiming: Iceblast
Press: ? - help, Shift-Dir - straight line The mass of ice explodes!
The iceblast engulfs the orc warrior!!
The orc warrior is severely wounded.
The iceblast engulfs the orc warrior!
You kill the orc warrior!
Vehumet accepts your kill.
You feel your power returning.
The orc warrior shoots a bolt.
The bolt hits you!!
You die...

#### ##∩## ####
.o..##...##....
≈≈≈..#...#..≈≈≈
≈o≈≈.......≈≈o≈
o≈.......≈o
.o).... #.))#
#.∩.# ##@## ###


You could see 2 orc warriors.

Vanquished Creatures
  An orc knight (Bailey)
  Grinder (D:5)
  Sigmund (D:3)
  A wyvern (D:7)
  A water moccasin (D:7)
  An ice beast (D:4)
  5 black bears
  4 orc warriors
  2 ogres
  2 sky beasts
  A necrophage (D:5)
  3 centaurs
  A phantom (D:4)
  2 kobold brigands (D:8)
  A bullfrog (D:8)
  2 scorpions
  A water moccasin zombie (D:7)
  A wyvern skeleton (D:6)
  2 wights (D:8)
  A jelly (D:5)
  2 howler monkeys
  2 electric eels (D:7)
  A bullfrog zombie (D:5)
  2 centaur zombies
  4 hounds
  A bullfrog skeleton (D:6)
  5 orc priests
  A centaur skeleton (D:5)
  Jessica (D:3)
  Natasha (thrice) (D:3)
  11 iguanas
  4 orc wizards
  3 killer bee zombies
  A hound zombie (D:5)
  2 hound skeletons (D:5)
  2 howler monkey zombies
  12 gnolls
  2 howler monkey skeletons (D:5)
  2 adders
  3 ufetubi
  An adder skeleton (D:4)
  3 worms
  25 orcs
  3 bats
  9 endoplasms
  4 giant cockroaches
  10 goblins
  9 hobgoblins
  8 jackals
  2 quokkas
  6 ball pythons
  A frilled lizard (D:2)
  7 kobolds
  5 rats
191 creatures vanquished.

Vanquished Creatures (others)
  A fungus (D:3)
1 creature vanquished.

Grand Total: 192 creatures vanquished

Notes
Turn   | Place    | Note
-------+----------+-------------------------------------------
     0 | D:1      | RepHenryClay the Octopode Conjurer began the quest for the
                  | Orb.
     0 | D:1      | Reached XP level 1. HP: 11/11 MP: 3/3
   538 | D:1      | Reached XP level 2. HP: 12/17 MP: 3/5
   541 | D:1      | Learned a level 2 spell: Searing Ray
  1015 | D:1      | Found a faded altar of an unknown god.
  1136 | D:1      | Reached XP level 3. HP: 21/21 MP: 4/6
  1736 | D:2      | Reached skill level 5 in Conjurations
  1935 | D:2      | Reached XP level 4. HP: 27/27 MP: 0/7
  2599 | D:2      | Found a white marble altar of Elyvilon.
  2666 | D:3      | Learned a level 4 spell: Iskenderun's Mystic Blast
  2675 | D:3      | Reached XP level 5. HP: 32/32 MP: 4/8
  2863 | D:3      | Noticed Jessica
  2868 | D:3      | Killed Jessica
  2994 | D:3      | Noticed Sigmund
  3200 | D:3      | Killed Sigmund
  3201 | D:3      | Reached XP level 6. HP: 7/37 MP: 2/9
  4070 | D:3      | Found an iron altar of Okawaru.
  4160 | D:3      | Noticed Natasha
  4168 | D:3      | Killed Natasha
  4588 | D:3      | Noticed Natasha
  4591 | D:3      | Killed Natasha
  4804 | D:3      | Noticed Natasha
  4808 | D:3      | Killed Natasha
  4809 | D:3      | Reached XP level 7. HP: 42/42 MP: 5/10
  5034 | D:3      | Found an ornate altar of the Wu Jian Council.
  5109 | D:3      | Learned a level 2 spell: Blink
  5188 | D:4      | Found a shadowy altar of Dithmenos.
  5188 | D:4      | Found a hazy altar of Hepliaklqana.
  5188 | D:4      | Found a sacrificial altar of Ru.
  5259 | D:4      | Reached skill level 1 in Translocations
  6436 | D:5      | Entered Level 5 of the Dungeon
  6628 | D:5      | Reached XP level 8. HP: 45/47 MP: 5/12
  7165 | D:5      | Reached skill level 3 in Dodging
  7305 | D:5      | Found a staircase to the Ecumenical Temple.
  7313 | Temple   | Entered the Ecumenical Temple
  7319 | Temple   | Became a worshipper of Vehumet
  7449 | D:4      | Reached skill level 4 in Dodging
  7609 | D:5      | Reached skill level 5 in Stealth
  7703 | D:4      | HP: 2/47 [ice beast (12)]
  8166 | D:5      | Reached skill level 5 in Dodging
  8199 | D:5      | Reached XP level 9. HP: 52/52 MP: 6/13
  8820 | D:5      | Noticed Grinder
  8827 | D:5      | Paralysed by Grinder for 2 turns
  8833 | D:5      | Killed Grinder
  8834 | D:5      | Reached skill level 6 in Dodging
 10386 | D:6      | Reached skill level 7 in Dodging
 10797 | D:5      | Reached * piety under Vehumet
 10797 | D:5      | Offered knowledge of Sandblast by Vehumet.
 10959 | D:6      | Identified a scroll of acquirement
 10959 | D:6      | Acquired a staff of conjuration
 11609 | D:7      | Reached skill level 8 in Dodging
 12492 | D:7      | Reached skill level 9 in Dodging
 12492 | D:7      | Reached XP level 10. HP: 57/57 MP: 8/14
 12734 | D:7      | Noticed an orange crystal statue
 12921 | D:8      | Found Mukisyix's Armour Shoppe.
 12931 | D:8      | Bought a +1 hat for 132 gold pieces
 13132 | D:8      | Found Hojeph's Assorted Antiques.
 13182 | D:8      | Bought a glowing opal ring for 180 gold pieces
 13425 | D:8      | Found Daguxyam's Magic Scroll Shop.
 13425 | D:8      | Found a staircase to the Lair.
 13446 | D:8      | Reached skill level 10 in Dodging
 13456 | D:8      | Found Luiqaffe's Magic Scroll Emporium.
 13675 | D:8      | Bought a scroll of noise for 12 gold pieces
 13725 | D:8      | Found Boxkaipp's Distillery.
 13974 | D:8      | Found a burning altar of Makhleb.
 14121 | D:9      | Found a flagged portal.
 14177 | Bailey   | Entered a bailey
 14177 | Bailey   | Noticed an orc knight
 14192 | Bailey   | Killed an orc knight
 14200 | Bailey   | Reached ** piety under Vehumet
 14200 | Bailey   | Offered knowledge of Shock by Vehumet.
 14201 | Bailey   | Shot with a bolt by an orc warrior

Illustrated notes

Levels and vault maps discovered:
D:1:      dpeg_arrival_castle, layout_basic, hellmonk_ecumenical_altar_lost_god
D:2:      layout_rooms, basic_altar, dk_noncrumbling_4, minmay_unequal
D:3:      layout_basic, mainiacjoe_overflow_big_doors, uniq_natasha,
          uniq_sigmund, uniq_jessica
D:4:      layout_basic, gammafunk_temple_overflow_claw, lemuel_another_geyser
D:5:      layout_loops_cross, minmay_temple_entry_stoned_glass,
          minmay_joined_circles, uniq_grinder
D:6:      layout_loops_ring, roderic_lattice_a, minivault_19
D:7:      statuecave_lemuel, layout_gridville
D:8:      layout_cave_pools, lightli_temple_of_fire, lair_entry_dummy,
          serial_shops, shop, nicolae_diamond_shop, nicolae_stop_n_shop_1,
          nicolae_shop_waterfront, shop, minmay_bent
D:9:      layout_irregular_city, erik_orc_1, enter_bailey_5, uniq_pikel
Temple:   eino_temple_rhombus
Bailey:   bailey_polearm_4, bailey

Skill      XL: |  1  2  3  4  5  6  7  8  9 10 |
---------------+-------------------------------+-----
Conjurations   | 5 7 8 |  8.2
Spellcasting   | 3 |  3.1
Translocations | 4 |  4.2
Stealth        | 7 8 |  8.3
Dodging        | 5 9 10 | 10.8
Fighting       | |  0.9
Unarmed Combat | |  0.2

Action                   |  1- 3 |  4- 6 |  7- 9 | 10-12 || total
-------------------------+-------+-------+-------+-------++-------
Melee: Unarmed           |    31 |    28 |     9 |       ||    68
       Constrict         |     5 |     6 |     8 |     6 ||    25
       Tentacles         |     2 |     4 |     9 |     1 ||    16
       Spear             |       |       |    23 |       ||    23
       Staff             |       |       |    12 |    19 ||    31
Throw: Dart              |       |       |     3 |       ||     3
 Cast: Magic Dart        |    43 |   110 |   160 |    25 ||   338
       Searing Ray       |     4 |     5 |    47 |    18 ||    74
       Iskenderun's Myst |       |       |     8 |     6 ||    14
       Blink             |       |       |     6 |       ||     6
Evoke: Wand              |       |       |     4 |     7 ||    11
  Use: Potion            |       |     1 |     3 |     3 ||     7
       Scroll            |       |       |     9 |     4 ||    13
 Stab: Sleeping          |     1 |       |       |       ||     1
Armor: Skin              |     6 |     6 |     9 |     4 ||    25
Dodge: Dodged            |    21 |    32 |   105 |    49 ||   207

Table legend: (Time is in decaauts)
 A = Elapsed time spent in this place.
 B = Non-inter-level travel time spent in this place.
 C = Inter-level travel time spent in this place.
 D = Time resting spent in this place.
 E = Time spent auto-exploring this place.
 F = Levels seen in this place.
 G = Mean time per level.
                   A        B        C        D        E       F      G
               +--------+--------+--------+--------+--------+-----+--------+
         Total |  14240 |  13711 |    529 |   3917 |   7676 |  11 | 1294.5 |
       Dungeon |  14055 |  13532 |    523 |   3771 |   7676 |   9 | 1561.7 |
        Temple |    161 |    155 |      6 |    146 |      0 |   1 |  161.0 |
        Bailey |     23 |     23 |      0 |      0 |      0 |   1 |   23.0 |
               +--------+--------+--------+--------+--------+-----+--------+

Top non-repeatable levels by time:
     D:5: 2484 daAuts
     D:4: 2088 daAuts
     D:2: 1919 daAuts
     D:7: 1775 daAuts
     D:3: 1707 daAuts
     D:1: 1586 daAuts
     D:6: 1361 daAuts
     D:8: 993 daAuts
  Temple: 161 daAuts
     D:9: 138 daAuts
  Bailey: 23 daAuts
